Map: Site Delta LE

Players

A.I. 1 (Very Easy) - Winner!

  • Race: Terran Terran
  • Spawn Location: 5:00

flashandfoul

  • Race: Zerg Zerg
  • League: Diamond
  • Spawn Location: 11:00

VOD

Have the link to the VOD?

Description

Time

  • Played on: Aug. 18, 2024, 6:48 p.m.
  • Length: 6:19
Show
View Real Time Build Order
Export as new Build Order

A.I. 1 (Very Easy) Terran - Winner!

Build Orders:  

Get SALT Encoding   

  6  0:00  SCV  
  13  0:13  SCV  
  14  0:18  Supply Depot  
  14  0:36  Refinery  
  14  0:42  Barracks  
  14  1:03  Supply Depot  
  14  1:13  Refinery  
  14  1:29  Marine  
  14  1:31  Orbital Command  
  15  1:47  Barracks Tech Lab  
  15  1:57  SCV  
  16  2:09  SCV  
  17  2:17  Marine  
  17  2:21  SCV  
  19  2:33  SCV  
  20  2:45  SCV  
  21  2:57  SCV  
  24  3:05  Marauder  
Show
View Real Time Build Order
Export as new Build Order

flashandfoul Zerg 

Build Orders: Pool First 

Get SALT Encoding   

  6  0:00  Drone  
  13  0:12  Overlord  
  13  0:17  Drone  
  14  0:30  Drone x2  
  14  0:33  Drone  
  17  0:44  Extractor, Drone  
  17  0:50  Spawning Pool  
  17  0:55  Drone  
  17  1:06  Drone  
  18  1:18  Hatchery  
  17  1:21  Drone  
  18  1:37  Queen  
  18  1:38  Zergling x2  
  21  1:40  Zergling x2  
  22  1:47  Metabolic Boost  
  22  1:53  Overlord  
  22  2:12  Queen  
  22  2:15  Drone x2  
  26  2:30  Hatchery  
  26  2:33  Zergling x2  
  26  2:36  Zergling x2  
  27  2:39  Drone  
  27  2:42  Drone  
  29  2:46  Drone  
  29  2:48  Drone  
  31  2:52  Drone  
  31  2:57  Overlord  
  32  3:01  Pneumatized Carapace  
  32  3:05  Drone  
  33  3:07  Drone  
  34  3:13  Queen  
  34  3:18  Drone x2  
  38  3:21  Drone  
  38  3:25  Drone  
  41  3:27  Drone  
  41  3:28  Drone  
  41  3:31  Drone  
  44  3:35  Overlord  
  44  3:39  Overlord  
  44  3:44  Drone  
  45  3:50  Drone  
  45  3:52  Drone  
  45  3:53  Drone  
  45  3:55  Drone  
  47  3:56  Drone  
  47  3:57  Overlord  
  47  3:58  Drone x3  
  47  4:02  Drone  
  52  4:04  Drone  
  52  4:06  Drone  
  54  4:12  Queen x2  
  58  4:18  Drone  
  58  4:19  Drone x2  
  61  4:26  Drone x3  
  61  4:28  Drone x3  
  61  4:29  Spore Crawler  
  66  4:32  Spore Crawler  
  66  4:33  Spore Crawler  
  66  4:37  Overlord, Lair  
  64  4:40  Overlord  
  64  4:42  Drone  
  64  4:44  Drone x2  
  67  4:45  Drone  
  67  4:52  Queen x2  
  70  4:56  Baneling Nest  
  70  4:58  Drone x2  
  73  5:04  Overlord, Drone x2  
  73  5:05  Drone x2  
  77  5:07  Drone x3  
  77  5:08  Drone  
  77  5:10  Drone  
  77  5:11  Drone x2  
  77  5:12  Drone  
  85  5:14  Overlord  
  85  5:19  Evolution Chamber  
  85  5:20  Evolution Chamber  
  83  5:21  Overlord  
  83  5:28  Overlord  
  83  5:30  Hatchery, Drone  
  83  5:33  Extractor  
  83  5:34  Extractor  
  83  5:35  Extractor x2, Queen  
  79  5:36  Extractor  
  79  5:41  Overlord  
  80  5:48  Drone x7  
  87  6:10  Hatchery  
  94  6:18  Hydralisk Den  
Tags
 
League
Diamond
Matchup
TvZ
Opening
Pool First
Spawn Locations
Cross Positions
Add a new tag
Caveats
  • Supply blocks, unpowered buildings, or Contaminate may cause inaccurate times.
  • Supply counts are checked every 10 seconds.